 Dungeon Crawl Stone Soup version 0.19-a0-713-g934ebc7 (webtiles) character file.

279 ololoev the Cudgeler (level 6, -3/56 HPs)
             Began as a Naga Skald on June 20, 2016.
             Slain by Edmund
             ... wielding a +3 flail of protection
              (5 damage)
             ... on level 4 of the Dungeon.
             The game lasted 00:10:48 (3557 turns).

ololoev the Cudgeler (Naga Skald)                   Turns: 3557, Time: 00:10:49

Health: -3/56      AC:  7    Str: 14 (16) XL:     6   Next: 26%
Magic:  18/18      EV:  9    Int: 10 (13) God:    Xom [...*..]
Gold:   150        SH:  6    Dex: 13 (15) Spells: 3 memorised, 3 levels left

rFire  . . .     SeeInvis +     a - +0 flail
rCold  . . .     Gourm    .     z - -2 chain mail (curse)
rNeg   . . .     Faith    .     (no shield)
rPois  +         Spirit   .     s - +1 helmet
rElec  .         Dismiss  .     (no cloak)
rCorr  .         Reflect  +     t - +0 pair of gloves (curse)
SustAt .         Harm     .     (no barding)
MR     +....                    f - +6 amulet of reflection
Stlth  ..........               i - ring of magical power
                                g - ring of loudness (curse)

@: agile, short of breath, very slow, somewhat resistant to hostile
enchantments, extremely unstealthy
A: see invisible, deformed body, magic resistance 1, poison resistance, slowness
2, slow metabolism 1, spit poison 2, AC +2
a: Spit Poison, Renounce Religion


Innate Abilities, Weirdness & Mutations

You cannot wear boots.
Your serpentine skin is tough. (AC +2)
You have supernaturally acute eyesight. (SInv)
Armour fits poorly on your strangely shaped body.
Your system is resistant to poisons. (rPois)
You cover ground very slowly.
You have a slow metabolism.
You can spit poison.
You are resistant to hostile enchantments. (MR+)

Inventory:

Hand Weapons
 a - a +0 flail (weapon)
Armour
 j - a +0 large shield
 s - a +1 helmet (worn)
 t - a cursed +0 pair of gloves (worn)
 y - a +1 leather armour of cold resistance
 z - a cursed -2 chain mail (worn)
Jewellery
 f - a +6 amulet of reflection (around neck)
 g - a cursed ring of loudness (left hand)
 i - a ring of magical power (right hand)
Scrolls
 v - a scroll of fog
Potions
 e - 2 potions of degeneration
 k - 2 potions of brilliance
 m - a potion of mutation
 n - a potion of resistance {unknown}
 q - a potion of lignification {unknown}
Comestibles
 d - 3 bread rations
 h - 2 beef jerkies
 p - 2 royal jellies
 x - a chunk of flesh


   Skills:
 + Level 3.3 Fighting
 * Level 4.6 Maces & Flails
 + Level 2.0 Armour
 - Level 0.7 Dodging
 + Level 2.4 Spellcasting
 + Level 3.4 Charms


You had 3 spell levels left.
You knew the following spells:

 Your Spells              Type           Power        Failure   Level  Hunger
a - Infusion              Chrm           #...         99%         1    ##.....
b - Song of Slaying       Chrm           #.......     100%        2    ###....
c - Regeneration          Chrm/Necr      #.........   100%        3    ####...


You were on level 4 of the Dungeon.
You worshipped Xom.
You were a favourite toy of Xom.
You were hungry.

You visited 1 branch of the dungeon, and saw 4 of its levels.

You collected 150 gold pieces.

..... #.......##.........
.....##.......##?........
.........................
.........................
........................#
........................#
.....##.......##5.......#
.....##.......##@.......+
.....#..........@.......#
.....+..<...............#
.....#..................#
#....#..................#
###+#######........#
#........# #........
#........ ...

Notes
Turn   | Place    | Note
--------------------------------------------------------------
     0 | D:1      | ololoev the Naga Skald began the quest for the Orb.
     0 | D:1      | Reached XP level 1. HP: 19/19 MP: 3/3
   116 | D:1      | crauler: +6 рефлект
   118 | D:1      | ololoev: ага
   118 | D:1      | crauler: халявный баклер
   134 | D:1      | Reached XP level 2. HP: 11/26 MP: 5/5
   291 | D:1      | Learned a level 2 spell: Song of Slaying
   385 | D:1      | crauler: а ты шутник
   451 | D:1      | crauler: песню учить на наге
   452 | D:1      | Reached skill level 1 in Armour
   457 | D:1      | ololoev: так норм же!
   464 | D:1      | Found a shimmering altar of Xom.
   497 | D:1      | Became a worshipper of Xom the Psychotic
   615 | D:1      | crauler: понятно все с тобой
   681 | D:1      | XOM: harmless Fire miscast
   682 | D:1      | ololoev: не ну ксом на д1 это судьба
   865 | D:1      | crauler: ксомиту и сонг оф слей хорош
   976 | D:2      | Reached skill level 3 in Maces & Flails
   976 | D:2      | Reached XP level 3. HP: 22/33 MP: 6/6
  1071 | D:2      | jacquesderrida: reeeeeeeeeeeeeeee
  1096 | D:2      | crauler: https://www.youtube.com/watch?v=dv13gl0a-FA
  1161 | D:2      | XOM: divination: detect items
  1187 | D:2      | XOM: harmless Chrm miscast
  1312 | D:2      | Reached XP level 4. HP: 22/40 MP: 7/7
  1336 | D:2      | XOM: summons 5 hostile shadow creatures
  1479 | D:2      | jacquesderrida: >>>>>>>>>>>>>>>>>>>>>>>>>>>>>>>>>>>>>>>>>>>anime
  1488 | D:2      | crauler: >>>>>>>impying
  1488 | D:2      | jacquesderrida: >>>>>>>>>>>>>>>>>>>>>>>>>>>>>>>>>eurobeat
  1488 | D:2      | jacquesderrida: >>>>>>>>>>>>>>>>>>>>>>>>>>>>>>>>>>>>2036
  1488 | D:2      | jacquesderrida: AYYYYYYYYYYYYYYYYYYY
  1488 | D:2      | crauler: а вот за это уже порвать можно
  1488 | D:2      | jacquesderrida: https://www.youtube.com/watch?v=scYMCHceiNA
  1488 | D:2      | jacquesderrida: :D :D :D :D :D
  1541 | D:2      | Noticed Terence
  1545 | D:2      | XOM: divination: magic mapping
  1559 | D:2      | Killed Terence
  1882 | D:2      | Found a glowing silver altar of Zin.
  1911 | D:2      | Noticed Robin
  1940 | D:2      | Killed Robin
  1940 | D:2      | Reached skill level 4 in Maces & Flails
  1940 | D:2      | Reached XP level 5. HP: 29/49 MP: 8/8
  1979 | D:2      | Learned a level 3 spell: Regeneration
  2147 | D:2      | Noticed Jessica
  2157 | D:2      | XOM: smoke on damage
  2160 | D:2      | Killed Jessica
  2299 | D:2      | XOM: polymorph hobgoblin -> river rat
  2410 | D:2      | XOM: silly message
  2411 | D:2      | XOM: mild Tmut miscast
  2676 | D:3      | Found a stormy altar of Qazlal.
  3139 | D:3      | XOM: cloud trail
  3329 | D:3      | XOM: mild Pois miscast
  3342 | D:3      | Reached XP level 6. HP: 46/56 MP: 9/9
  3348 | D:3      | XOM: fog
  3386 | D:3      | crauler: беня
  3427 | D:3      | Gained mutation: You are resistant to hostile enchantments. (MR+) [potion of beneficial mutation]
  3516 | D:4      | Noticed Edmund
  3521 | D:4      | Gained mutation: You are clumsy. (Dex -2) [potion of mutation]
  3521 | D:4      | Lost mutation: You are clumsy. (Dex -2) [potion of mutation]
  3521 | D:4      | XOM: confuse monster(s)
  3522 | D:4      | crauler: было бы плохо если бы произошел несчастный SUFFUSED WITH ENERGY
  3522 | D:4      | ololoev: норм смутировал
  3526 | D:4      | crauler: как там у ксома сообщение на мутацию
  3542 | D:4      | XOM: summons friendly iron imp
  3556 | D:4      | HP: 1/56 [Edmund/flail of protection (7)]
  3557 | D:4      | Slain by Edmund

Dungeon Overview and Level Annotations

Branches:
Dungeon (4/15)
 Temple: D:4-7

Altars:
Qazlal
Xom
Zin

Annotations:
D:4 Edmund


Message History

You are too injured to fight recklessly!
You are too injured to fight recklessly!
You are too injured to fight recklessly!
You are too injured to fight recklessly!
You are too injured to fight recklessly!
You are too injured to fight recklessly!
You are too injured to fight recklessly!
You are too injured to fight recklessly!
You are too injured to fight recklessly!
You are too injured to fight recklessly!
You are too injured to fight recklessly!
You are too injured to fight recklessly!
You are too injured to fight recklessly!
You are too injured to fight recklessly!
You are too injured to fight recklessly!
You are too injured to fight recklessly!
You are too injured to fight recklessly!
Use which ability? (? or * to list)
Press: ? - help, Shift-Dir - straight line, f/p - Edmund
Aim: Edmund, wielding a flail of protection and wearing a shiny ring mail (heavily wounded)
The splash of poison misses Edmund.
You feel slightly more hungry.
Xom opens a gate.
Edmund says, "People accused me of being a cutpurse!"
Edmund hits you with a flail of protection.
You hit Edmund.
Edmund is severely wounded.
Edmund hits you with a flail of protection!
Your iron imp hits Edmund but does no damage.
You feel better.
Edmund hits you with a flail of protection.
You closely miss Edmund.
Edmund is severely wounded.
You have got your breath back.
Your iron imp misses Edmund.
Edmund hits you but does no damage.
Use which ability? (? or * to list)
Press: ? - help, Shift-Dir - straight line, p - Edmund The splash of poison hits Edmund.
Edmund appears unharmed.
Edmund is severely wounded.
You are feeling hungry.
Your iron imp closely misses Edmund.
You block Edmund's attack.
You closely miss Edmund.
Edmund is severely wounded.
Your iron imp hits Edmund but does no damage.
You block Edmund's attack.
You closely miss Edmund.
Edmund is severely wounded.
Your iron imp barely misses Edmund.
Edmund hits you but does no damage.
You closely miss Edmund.
Edmund is severely wounded.
You have got your breath back.
Your iron imp hits Edmund but does no damage.
Edmund hits you with a flail of protection.
You barely miss Edmund.
Edmund is severely wounded.
Your iron imp barely misses Edmund.
Edmund hits you with a flail of protection.
You closely miss Edmund.
Edmund is severely wounded.
Your iron imp hits Edmund.
You closely miss Edmund.
Edmund is severely wounded.
Edmund hits you but does no damage.
Your iron imp hits Edmund but does no damage.
You barely miss Edmund.
Edmund is severely wounded.
Edmund hits you with a flail of protection!
Your iron imp barely misses Edmund.
Use which ability? (? or * to list)
Press: ? - help, Shift-Dir - straight line The splash of poison hits Edmund.
Edmund is poisoned.
Edmund is severely wounded.
You feel slightly more hungry.
Edmund hits you with a flail of protection.
Edmund says, "I might not be good at magic, but I can still kill you!"
Edmund hits you with a flail of protection!
Your iron imp barely misses Edmund.
It was a potion of agility.
You feel agile all of a sudden.
Edmund hits you with a flail of protection.
You die...

You could see Edmund and a friendly iron imp.

Vanquished Creatures
  An orc priest (D:3)
  Terence (D:2)
  Jessica (D:2)
  An orc wizard (D:3)
  Robin (D:2)
  6 adders
  A river rat (D:2)
  2 oozes
  3 worms
  2 dart slugs
  A giant gecko (D:1)
  6 orcs (D:3)
  2 giant cockroaches
  12 goblins
  8 hobgoblins
  5 jackals
  A quokka (D:3)
  2 ball pythons (D:1)
  7 bats
  4 giant newts (D:1)
  6 kobolds
  3 rats
76 creatures vanquished.

Action                   |  1- 3 |  4- 6 || total
-------------------------+-------+-------++-------
Melee: Mace              |    99 |    10 ||   109
       Flail             |       |   207 ||   207
 Cast: Song of Slaying   |       |     2 ||     2
 Abil: Spit Poison       |     5 |    15 ||    20
  Use: Scroll            |       |     7 ||     7
       Potion            |       |     6 ||     6
 Stab: Confused          |       |     2 ||     2
  Eat: Chunk             |     1 |     7 ||     8
Armor: Leather armour    |    18 |    27 ||    45
       Scale mail        |       |    52 ||    52
       Chain mail        |       |    30 ||    30
Dodge: Dodged            |    44 |    91 ||   135
Block: Other             |    35 |    94 ||   129
       Reflection        |     3 |     3 ||     6

Vault maps used:
D:1:      minmay_arrival_doors, xom_teletrap_fun
D:2:      overflow_temple_1_default, first_bread, nrook_uturn,
          grunt_decor_one_mirror, uniq_robin, uniq_jessica, uniq_terence
D:3:      nicolae_qazlal_general_emergency
D:4:      gammafunk_temple_overflow_claw, uniq_edmund
